Map: Defender's Landing LE

Players

WeRiano

  • Race: Protoss Protoss
  • Spawn Location: 7:00

Sluskis - Winner!

  • Race: Zerg Zerg
  • Spawn Location: 1:00

Event: WCS Jonkoping 2017

VOD

Have the link to the VOD?

Description

Time

  • Played on: June 17, 2017, 10:39 a.m.
  • Length: 15:37

All games in this series

Show
View Real Time Build Order
Export as new Build Order

WeRiano Protoss 

Build Orders:  

Get SALT Encoding   

  12  0:01  Probe (Chrono Boost)  
  13  0:11  Probe (Chrono Boost)  
  14  0:17  Pylon  
  14  0:22  Probe (Chrono Boost)  
  16  0:35  Probe (Chrono Boost)  
  16  0:38  Gateway  
  16  0:46  Probe (Chrono Boost)  
  16  0:48  Assimilator  
  17  0:56  Probe (Chrono Boost)  
  18  1:07  Probe (Chrono Boost)  
  19  1:15  Gateway  
  19  1:20  Probe (Chrono Boost)  
  20  1:27  Cybernetics Core  
  20  1:32  Probe (Chrono Boost)  
  21  1:54  Probe (Chrono Boost), Pylon  
  22  2:00  Assimilator  
  22  2:07  Warp Gate (Chrono Boost)  
  22  2:12  Adept x2  
  22  2:13  Probe (Chrono Boost)  
  27  2:16  Pylon  
  27  2:39  Adept x2  
  31  2:44  Pylon  
  31  2:47  Mothership Core  
  33  3:01  Robotics Facility  
  31  3:25  Stalker  
  31  3:26  Stalker  
  33  3:34  Pylon  
  33  3:40  Gateway  
  33  3:49  Immortal (Chrono Boost)  
  33  3:52  Pylon  
  37  4:15  Pylon  
  37  4:22  Stalker  
  37  4:23  Stalker  
  37  4:37  Immortal (Chrono Boost)  
  39  4:47  Adept  
  39  4:49  Adept  
  43  4:57  Adept  
  45  5:08  Stalker  
  45  5:11  Observer (Chrono Boost), Sentry  
  50  5:19  Probe  
  51  5:29  Adept  
  53  5:44  Immortal (Chrono Boost)  
  53  5:49  Pylon  
  57  6:02  Adept x2  
  61  6:04  Sentry  
  63  6:30  Adept x3  
  63  6:44  Immortal (Chrono Boost)  
  48  7:04  Adept x3  
  40  7:24  Immortal (Chrono Boost)  
  44  7:30  Adept x2  
  48  7:38  Adept  
  48  7:57  Adept x2  
  50  8:10  Adept  
  52  8:19  Immortal (Chrono Boost)  
  56  8:43  Stalker  
  56  8:44  Stalker  
  56  8:45  Sentry  
  62  9:11  Observer (Chrono Boost)  
  63  9:23  Nexus  
  57  9:36  Sentry  
  57  9:37  Sentry  
  61  9:45  Sentry  
  63  9:57  Probe  
  64  10:09  Adept x2  
  68  10:17  Adept  
  70  10:23  Probe  
  71  10:34  Probe  
  70  10:36  Probe  
  72  10:43  Sentry x2  
  72  10:46  Probe  
  72  10:49  Probe  
  78  10:58  Probe  
  78  11:01  Probe  
  78  11:03  Assimilator  
  74  11:09  Probe  
  75  11:11  Assimilator  
  75  11:23  Probe  
  75  11:24  Probe, Robotics Bay  
  77  11:30  Pylon  
  77  11:36  Probe  
  78  11:49  Adept x3  
  84  12:04  Twilight Council  
  84  12:17  Disruptor (Chrono Boost)  
  84  12:19  Adept x3  
  84  12:22  Pylon  
  93  12:25  Pylon  
  93  12:48  Disruptor (Chrono Boost)  
  96  12:52  Adept x3  
  102  13:06  Nexus  
  102  13:08  Pylon  
  102  13:19  Disruptor (Chrono Boost)  
  91  13:44  Probe  
  91  13:45  Probe  
  91  13:50  Warp Prism (Chrono Boost)  
  91  13:53  Gateway x2  
  93  13:56  Gateway  
  93  14:04  Adept  
  93  14:05  Adept  
  73  14:26  Adept x2  
  73  14:28  Disruptor (Chrono Boost)  
  64  14:42  Sentry  
  66  14:46  Gateway  
  66  14:51  Sentry x2  
  66  14:52  Sentry x3  
  74  15:01  Disruptor (Chrono Boost)  
  77  15:09  Stalker  
  79  15:21  Adept x2  
Show
View Real Time Build Order
Export as new Build Order

Sluskis Zerg - Winner!

Build Orders: Hatch First 

Get SALT Encoding   

  12  0:00  Drone  
  13  0:12  Overlord  
  13  0:17  Drone  
  14  0:31  Drone x2  
  16  0:38  Drone  
  17  1:00  Hatchery  
  17  1:03  Drone  
  17  1:04  Drone  
  18  1:15  Spawning Pool  
  18  1:18  Extractor  
  16  1:22  Drone  
  16  1:24  Drone  
  18  1:32  Drone  
  19  1:49  Overlord  
  19  1:59  Drone  
  20  2:07  Roach Warren, Queen  
  21  2:08  Drone  
  21  2:11  Queen  
  24  2:23  Drone x2  
  26  2:30  Extractor  
  26  2:32  Drone  
  26  2:47  Roach x3  
  26  2:51  Roach  
  34  2:54  Roach  
  34  2:57  Overlord  
  31  3:23  Ravager x2  
  31  3:24  Roach  
  35  3:28  Drone x4  
  39  3:38  Roach x2  
  43  3:49  Ravager  
  43  3:55  Overlord  
  42  4:24  Roach x3  
  42  4:25  Queen  
  42  4:28  Ravager  
  42  4:29  Drone  
  47  4:38  Roach  
  47  4:40  Overlord x2  
  47  4:50  Metabolic Boost  
  47  5:00  Zergling x2  
  47  5:01  Zergling x2  
  47  5:04  Zergling x6  
  52  5:11  Ravager  
  52  5:12  Ravager  
  54  5:26  Roach x3  
  58  5:45  Overlord x2  
  58  6:03  Ravager  
  58  6:05  Ravager  
  58  6:06  Ravager  
  58  6:07  Zergling x6  
  64  6:11  Zergling x10  
  63  6:36  Ravager  
  63  6:37  Ravager  
  43  7:07  Roach x3  
  43  7:08  Roach x2  
  50  7:13  Queen  
  52  7:28  Ravager, Hatchery  
  52  7:29  Ravager, Zergling x2  
  56  7:30  Zergling x8  
  56  7:32  Zergling x2  
  56  7:35  Ravager  
  49  8:11  Roach x3  
  51  8:32  Drone x4  
  51  8:33  Drone x2  
  57  8:38  Ravager  
  57  8:39  Ravager x2  
  60  8:56  Roach x4  
  62  9:36  Baneling Nest  
  62  9:38  Zergling x14  
  67  10:18  Drone x2  
  66  10:22  Zergling x8  
  66  10:23  Drone x3  
  73  10:43  Hatchery  
  73  10:46  Drone x3  
  75  11:05  Evolution Chamber  
  74  11:14  Overlord  
  74  11:15  Overlord x2  
  74  11:16  Overlord x2  
  74  11:36  Zerg Melee Weapons Level 1  
  74  11:37  Lair  
  74  11:40  Drone x5  
  74  11:41  Drone x2  
  81  11:47  Baneling  
  81  11:48  Baneling x4  
  81  11:49  Baneling  
  81  11:50  Baneling  
  81  11:51  Baneling  
  81  11:53  Baneling  
  81  11:54  Baneling  
  81  11:55  Baneling  
  81  11:56  Baneling  
  81  12:02  Drone x2  
  83  12:24  Drone x3  
  83  12:25  Drone x3  
  83  12:27  Zergling x2  
  83  12:28  Zergling x10  
  95  12:36  Centrifical Hooks  
  95  12:37  Glial Reconstitution  
  95  12:42  Extractor  
  94  12:48  Zergling x6, Roach x3  
  103  12:51  Overlord  
  103  13:06  Drone x3  
  103  13:08  Zergling x6  
  103  13:09  Zergling x10  
  114  13:14  Baneling  
  114  13:15  Baneling x6  
  114  13:26  Zergling x4  
  87  13:43  Zergling x4, Roach  
  87  13:44  Zergling x10, Roach x5  
  106  13:49  Zergling x8  
  106  13:52  Baneling  
  106  13:53  Baneling x3  
  110  14:04  Zergling x2, Roach  
  110  14:05  Zergling x2, Roach  
  80  14:28  Zergling x10, Roach x4  
  86  14:39  Zergling x2, Roach  
  86  14:40  Zergling x8, Roach x4  
  86  14:43  Ravager x2  
  86  14:44  Ravager  
  103  14:52  Extractor  
  102  14:53  Zergling x6, Roach x2  
  105  15:08  Baneling x2  
  105  15:09  Baneling x3  
  105  15:10  Baneling  
  105  15:12  Zergling x2  
  105  15:13  Zergling x18  
  105  15:14  Zergling x2  
Tags
 
Add a new tag
Caveats
  • Supply blocks, unpowered buildings, or Contaminate may cause inaccurate times.
  • Supply counts are checked every 10 seconds.